Map: Shrines of Lizul

Players

ILIEKEGGPIE

  • Race: Protoss Protoss
  • Spawn Location: 6:00

BizMac

  • Race: Zerg Zerg
  • Spawn Location: 9:00

SpiNaL

  • Race: Terran Terran
  • Spawn Location: 3:00

Calgar

  • Race: Zerg Zerg
  • League: Platinum
  • Spawn Location: 12:00

VOD

Have the link to the VOD?

Description

Time

  • Played on: March 15, 2018, 9:52 p.m.
  • Length: 24:59
Show
View Real Time Build Order
Export as new Build Order

ILIEKEGGPIE Protoss 

Build Orders:  

Get SALT Encoding   

  12  0:01  Probe  
  13  0:15  Pylon  
  13  0:18  Probe  
  14  0:30  Probe  
  15  0:42  Probe  
  15  0:47  Gateway  
  16  0:55  Probe  
  17  0:58  Assimilator  
  17  1:07  Probe  
  18  1:16  Gateway  
  18  1:19  Probe  
  18  1:22  Assimilator  
  19  1:39  Cybernetics Core  
  19  1:47  Probe  
  20  1:59  Probe (Chrono Boost)  
  21  2:12  Probe (Chrono Boost)  
  21  2:14  Pylon  
  22  2:18  Probe (Chrono Boost)  
  23  2:31  Warp Gate (Chrono Boost)  
  23  2:32  Adept x2, Probe  
  28  2:50  Nexus  
  28  2:55  Probe  
  29  3:10  Gateway  
  29  3:12  Gateway  
  29  3:29  Probe  
  30  3:41  Probe  
  31  3:50  Pylon  
  31  3:56  Pylon  
  31  4:00  Forge  
  31  4:01  Stalker, Probe  
  34  4:13  Probe  
  35  4:20  Probe  
  36  4:25  Probe  
  35  4:32  Probe  
  35  4:35  Protoss Ground Weapons Level 1 (Chrono Boost)  
  35  4:38  Probe  
  35  4:44  Probe  
  35  4:45  Assimilator  
  36  4:46  Assimilator  
  36  4:50  Probe  
  36  4:51  Stalker x2  
  41  4:56  Probe  
  42  5:01  Twilight Council  
  42  5:02  Probe  
  43  5:08  Probe  
  43  5:09  Pylon  
  45  5:14  Probe  
  45  5:19  Gateway  
  45  5:20  Probe  
  46  5:21  Gateway  
  46  5:26  Probe  
  47  5:28  Charge (Chrono Boost)  
  47  5:32  Probe  
  47  5:35  Pylon  
  48  5:42  Probe  
  49  5:45  Probe  
  50  5:54  Probe  
  52  5:57  Probe  
  51  6:15  Zealot, Sentry x2  
  51  6:16  Zealot  
  51  6:17  Protoss Ground Armor Level 1 (Chrono Boost)  
  59  6:22  Templar Archives  
  59  6:26  Gateway x2  
  59  6:30  Gateway  
  59  6:36  Forge  
  59  6:38  Pylon  
  59  6:41  Probe (Chrono Boost)  
  59  6:46  Probe (Chrono Boost)  
  62  6:54  Probe (Chrono Boost)  
  62  6:56  Pylon  
  62  6:57  Psionic Storm, Pylon  
  62  7:12  Zealot x3  
  68  7:20  High Templar  
  68  7:21  High Templar x2  
  74  7:24  Probe x2  
  74  7:29  Pylon  
  76  7:36  Probe  
  77  7:40  Robotics Facility  
  77  7:42  Robotics Facility, Protoss Ground Weapons Level 2 (Chrono Boost)  
  77  7:52  Nexus  
  77  7:54  Stalker x3  
  83  8:08  Protoss Ground Armor Level 2 (Chrono Boost), Pylon  
  83  8:10  Pylon  
  83  8:31  Observer x2  
  85  8:46  Stalker x2  
  85  8:47  Zealot x5  
  99  9:11  Zealot x3, Sentry  
  99  9:12  Zealot, Sentry x2  
  99  9:13  Zealot  
  115  9:18  Immortal x2, Probe  
  115  9:19  Probe  
  125  9:31  Gateway, Photon Cannon  
  125  9:33  Gateway  
  125  9:37  Stalker  
  127  9:42  Photon Cannon  
  127  9:44  Probe x2  
  129  9:47  Assimilator  
  129  9:50  Assimilator  
  129  10:12  Zealot x4  
  129  10:13  Zealot x2  
  103  10:27  Probe x2  
  105  10:36  Zealot x2  
  105  10:37  Zealot, High Templar  
  105  10:38  Stalker x2  
  105  10:40  Protoss Ground Weapons Level 3 (Chrono Boost), Protoss Ground Armor Level 3 (Chrono Boost)  
  117  10:45  Sentry x2  
  97  11:08  Zealot x4  
  97  11:09  Zealot  
  97  11:11  Probe x2  
  109  11:14  Stalker  
  111  11:23  Probe x2  
  113  11:26  Robotics Bay  
  111  11:37  Probe x2  
  111  11:39  Zealot x3  
  117  11:41  Sentry  
  119  11:49  Probe x2  
  121  11:59  Immortal  
  125  12:02  Immortal  
  129  12:33  Zealot x2  
  129  12:34  Zealot x4  
  129  12:35  Pylon  
  141  12:41  Pylon  
  141  12:50  Blink (Chrono Boost)  
  103  13:07  Probe x3  
  103  13:09  Zealot x2  
  93  13:43  Zealot  
  93  13:44  Zealot x4  
  92  14:00  Zealot x3  
  68  14:13  Stalker x2  
  68  14:14  Stalker, High Templar x3  
  52  14:31  Zealot x3, Sentry  
  54  14:46  Zealot x2  
  56  15:05  Nexus  
  56  15:24  High Templar x5  
  56  15:25  High Templar x3  
  72  15:44  Pylon  
  72  15:46  Pylon  
  71  15:51  Probe x3  
  74  15:58  Zealot x2  
  74  15:59  Zealot x2  
  74  16:03  Probe  
  83  16:32  Pylon  
  83  16:40  Dark Shrine  
  83  16:43  Immortal x2 (Chrono Boost)  
  91  16:51  Protoss Shields Level 1 (Chrono Boost), Probe x3  
  94  17:11  Zealot x2  
  94  17:12  Zealot x2  
  94  17:13  High Templar x2  
  106  17:28  Robotics Bay  
  57  18:13  Colossus x2 (Chrono Boost)  
  62  18:22  Zealot x3  
  38  19:30  Colossus  
  30  19:43  Zealot x3  
  30  19:44  Zealot x5  
  46  20:00  Nexus  
  46  20:03  Pylon  
  14  21:05  Dark Templar  
  14  21:06  Dark Templar  
  13  22:15  Probe x2  
  9  24:02  Probe  
  3  24:14  Probe  
  3  24:27  Probe  
Show
View Real Time Build Order
Export as new Build Order

BizMac Zerg 

Build Orders: Pool First 

Get SALT Encoding   

  12  0:01  Drone  
  13  0:08  Drone  
  14  0:17  Overlord  
  14  0:36  Drone x3  
  17  0:44  Extractor  
  17  0:49  Spawning Pool  
  15  0:52  Drone  
  16  1:03  Drone  
  17  1:17  Drone  
  18  1:37  Queen  
  18  1:38  Hatchery  
  19  1:46  Metabolic Boost  
  19  1:49  Drone  
  20  1:58  Zergling x4  
  22  2:12  Overlord  
  22  2:31  Drone x2, Extractor  
  23  2:42  Zergling x2  
  24  2:56  Queen  
  27  2:58  Drone  
  27  3:06  Drone  
  27  3:07  Drone x4  
  32  3:23  Zergling x6  
  32  3:47  Baneling Nest, Drone x3  
  32  3:48  Drone  
  33  4:10  Zergling x8  
  33  4:11  Overlord  
  33  4:15  Overlord  
  36  4:19  Lair  
  36  4:41  Zergling x2  
  36  4:42  Zergling x8  
  41  4:46  Drone  
  41  4:47  Drone x2  
  41  4:51  Hatchery  
  42  5:21  Zergling x22  
  50  5:42  Baneling x2  
  50  5:43  Baneling x4  
  50  5:44  Centrifical Hooks  
  50  5:48  Drone  
  51  5:51  Spore Crawler  
  51  5:54  Spore Crawler  
  51  5:55  Drone x2  
  51  5:56  Drone  
  51  5:57  Spore Crawler  
  51  5:58  Overlord x3  
  51  6:02  Extractor  
  51  6:03  Extractor  
  43  6:35  Zergling x2  
  43  6:36  Zergling x28  
  57  6:48  Drone  
  57  6:49  Drone  
  57  6:50  Drone  
  60  6:58  Spore Crawler  
  60  7:00  Drone  
  61  7:01  Drone x2, Spine Crawler  
  61  7:05  Baneling x4  
  61  7:06  Baneling x4  
  61  7:48  Hydralisk Den  
  60  7:53  Drone x12  
  60  7:54  Evolution Chamber  
  60  7:55  Evolution Chamber  
  70  8:16  Drone x5  
  70  8:19  Queen  
  77  8:26  Hatchery  
  50  8:51  Zergling x2  
  50  8:52  Zergling x24  
  58  8:58  Queen  
  60  9:04  Extractor  
  60  9:05  Extractor  
  60  9:09  Drone x2  
  51  9:44  Zergling x2  
  51  9:45  Zergling x26  
  64  9:51  Zerg Ground Armor Level 1, Zerg Missile Weapons Level 1  
  64  10:06  Zergling x6  
  67  10:08  Baneling x6  
  67  10:09  Baneling x2  
  67  10:23  Zergling x4  
  67  10:24  Zergling x12  
  75  10:40  Zergling x2  
  75  10:41  Zergling x10  
  80  10:43  Baneling x7  
  80  10:46  Grooved Spines  
  63  11:12  Zergling x2  
  63  11:13  Zergling x16  
  72  11:20  Zergling x2  
  72  11:21  Zergling x10  
  74  11:28  Hydralisk x2  
  71  11:34  Baneling  
  71  11:35  Baneling x10  
  71  11:41  Hydralisk x3  
  77  11:51  Hydralisk  
  77  11:52  Hydralisk  
  81  11:54  Overlord x2  
  81  11:55  Overlord x3  
  81  11:58  Muscular Augments  
  81  12:01  Zerg Ground Armor Level 2, Zerg Missile Weapons Level 2  
  81  12:21  Drone x3  
  81  12:22  Hydralisk x3  
  84  12:23  Hydralisk x3  
  96  12:50  Hydralisk x6  
  96  12:51  Hydralisk x6  
  119  13:20  Hydralisk  
  119  13:22  Overlord  
  119  13:23  Overlord x4  
  121  13:41  Hatchery  
  121  13:42  Hydralisk  
  121  13:43  Hydralisk x9  
  131  14:09  Hydralisk  
  121  14:10  Hydralisk x6  
  114  14:25  Hydralisk x4  
  110  15:02  Hydralisk x3  
  110  15:03  Hydralisk x6  
  124  15:20  Infestation Pit  
  122  15:49  Hydralisk x13  
  124  15:50  Hydralisk x2  
  152  15:58  Roach Warren  
  152  16:04  Drone x4  
  155  16:22  Extractor  
  154  16:26  Extractor  
  142  16:59  Roach  
  142  17:00  Roach x11  
  166  17:02  Overlord x3  
  76  18:11  Hydralisk x11  
  76  18:12  Hydralisk  
  98  18:48  Roach x3  
  98  18:49  Roach x6  
  88  19:32  Hydralisk  
  88  19:33  Hydralisk x9  
  98  19:56  Hydralisk x7  
  74  20:28  Hydralisk x8  
  80  21:03  Hydralisk  
  80  21:04  Hydralisk x6  
  63  22:24  Hydralisk Den  
  58  22:58  Hydralisk x6  
  58  22:59  Hydralisk x3  
  76  23:22  Hydralisk  
  76  23:23  Hydralisk  
  74  24:03  Roach  
Show
View Real Time Build Order
Export as new Build Order

SpiNaL Terran 

Build Orders: MMM Bio 

Get SALT Encoding   

  12  0:02  SCV  
  14  0:14  SCV  
  14  0:23  Supply Depot  
  14  0:26  SCV  
  15  0:45  SCV  
  15  0:47  Barracks  
  16  0:57  SCV  
  17  1:09  SCV  
  18  1:21  SCV  
  18  1:24  Command Center  
  19  1:33  SCV  
  19  1:36  Refinery  
  19  1:39  Refinery  
  20  1:43  Supply Depot  
  20  1:54  Orbital Command  
  20  2:17  Supply Depot  
  20  2:18  Marine  
  21  2:36  Marine  
  21  2:37  Orbital Command  
  22  2:41  Supply Depot  
  22  2:46  Engineering Bay  
  22  2:53  Marine  
  22  2:57  Barracks  
  23  3:07  SCV  
  23  3:08  SCV  
  25  3:13  Barracks Reactor  
  25  3:19  SCV  
  26  3:20  SCV  
  26  3:21  Barracks  
  27  3:42  SCV x2  
  27  3:45  Barracks Tech Lab  
  29  3:48  Barracks  
  29  3:57  Terran Infantry Weapons Level 1  
  29  4:03  Marine x3  
  29  4:07  SCV x2  
  34  4:11  Barracks Reactor  
  34  4:13  Engineering Bay  
  34  4:21  Marine x3  
  37  4:27  Combat Shields  
  37  4:35  Barracks Tech Lab  
  37  4:36  Orbital Command  
  37  4:38  Supply Depot  
  37  4:39  Marine x3  
  37  4:42  Supply Depot  
  40  4:50  Marine x2  
  42  4:54  Stimpack  
  42  4:56  Marine  
  42  4:57  Marine x2  
  45  5:00  Refinery x2, Terran Infantry Armor Level 1  
  45  5:20  Marine x2  
  47  5:21  Marauder  
  47  5:22  Marauder, Marine x2  
  47  5:23  SCV  
  47  5:28  SCV, Factory  
  55  5:35  SCV  
  55  5:38  Marine  
  57  5:43  Marauder  
  57  5:46  Concussive Shells  
  57  5:48  SCV  
  60  5:56  Supply Depot  
  60  6:14  Ghost Academy  
  60  6:18  Starport, Factory Reactor, SCV  
  60  6:21  Bunker  
  61  6:25  SCV  
  61  6:31  SCV  
  63  6:35  Marauder x2, Marine  
  63  6:36  Marine x3  
  63  6:38  SCV  
  72  6:43  SCV  
  73  6:48  Armory  
  73  6:51  Supply Depot  
  73  6:53  Marine x2  
  75  6:54  Nuke  
  75  7:07  Medivac x2  
  79  7:14  Supply Depot  
  79  7:15  Marine  
  79  7:16  Marine  
  79  7:17  Marauder x2, Marine x2  
  87  7:33  Marine  
  87  7:37  Medivac x2, Personal Cloaking  
  90  7:42  Terran Infantry Weapons Level 2, Terran Infantry Armor Level 2  
  92  7:45  SCV  
  92  7:46  Ghost  
  92  7:48  Marine  
  92  7:50  Marine  
  97  8:03  Ghost  
  97  8:04  Marine  
  100  8:16  Marauder  
  102  8:22  Supply Depot  
  102  8:32  Marine x3  
  105  8:46  Supply Depot  
  85  9:03  Marine  
  85  9:04  Marine x5  
  85  9:08  Supply Depot  
  89  9:19  Medivac  
  89  9:20  Medivac  
  89  9:21  Marine x2  
  89  9:22  Marine x4  
  99  9:32  Supply Depot  
  99  9:39  Marine x4  
  99  9:40  Marine x2  
  105  9:57  Ghost, Marine x3  
  105  9:58  Marauder  
  104  10:20  Marauder  
  101  10:26  Nuke  
  101  10:27  Marauder  
  101  10:28  Marine x4  
  102  10:31  Medivac x2  
  109  10:40  Ghost  
  111  10:48  Marauder  
  111  10:49  Marine  
  113  10:50  Marine x3  
  83  11:07  Marine x2  
  83  11:08  Marine x2  
  83  11:09  Marauder  
  83  11:10  Marauder  
  79  11:23  Medivac x2  
  79  11:25  Marine x4  
  84  11:31  Marauder x2  
  91  11:48  Marine  
  91  11:49  Marine x3  
  91  11:52  Marauder x2  
  91  11:53  Medivac x2  
  103  12:00  Terran Infantry Weapons Level 3  
  103  12:13  Marauder  
  103  12:14  Marauder  
  107  12:35  Marauder x2  
  109  12:56  Marauder x2  
  112  13:15  Marine x4  
  112  13:18  Marauder x2, Nuke  
  113  13:24  Command Center  
  113  13:27  Barracks  
  113  13:33  Marine x4  
  112  13:39  Marauder, Marine  
  112  13:50  Marine  
  112  13:51  Marine x3  
  114  13:56  Marine  
  114  14:00  Marine  
  116  14:08  Marine x2  
  116  14:09  Marine x2  
  116  14:14  Marine  
  110  14:18  Marine  
  86  14:26  Marine x3  
  73  14:33  Marauder  
  73  14:36  Marauder  
  73  14:47  Marine x2  
  73  14:48  Marine x2  
  73  14:50  Medivac x2  
  71  14:53  Marine  
  71  14:54  Barracks Tech Lab  
  71  14:57  Marine  
  71  15:05  Marine x2  
  71  15:06  Marine  
  74  15:09  SCV  
  74  15:11  Ghost  
  77  15:14  Marine x2  
  77  15:15  Marauder  
  77  15:20  Medivac x2  
  85  15:23  Marine  
  86  15:30  Orbital Command  
  86  15:36  Terran Infantry Armor Level 3  
  86  15:50  Medivac x2  
  90  15:59  Ghost  
  90  16:00  Marauder, Marine  
  95  16:16  Bunker  
  95  16:35  SCV  
  95  16:38  Refinery  
  96  16:40  Refinery  
  96  16:47  Bunker, SCV  
  97  16:58  Nuke  
  97  17:17  Bunker  
  97  17:20  Marine x2  
  97  17:21  Marauder, Marine x3  
  97  17:22  Marauder  
  106  17:38  Marine x3  
  106  17:39  Marauder, Marine  
  106  17:43  Marauder x2  
  116  17:47  Bunker  
  116  17:55  Ghost Academy  
  116  17:56  Marine x4  
  120  18:01  Marauder  
  120  18:04  Marauder x2  
  126  18:13  Marine  
  126  18:14  Marine x3  
  126  18:19  Supply Depot  
  130  18:22  Marauder  
  130  18:26  Marauder x2  
  136  18:31  Marine  
  136  18:32  Marine x3  
  140  18:42  Supply Depot  
  140  18:44  Marauder  
  140  18:47  Marauder x2  
  146  18:49  Marine x2  
  146  18:50  Marine x2  
  146  18:52  Nuke x2  
  150  18:56  Ghost Academy  
  150  19:05  Marauder, Supply Depot  
  150  19:07  Marine x2  
  150  19:08  Marauder x2  
  104  19:26  Marine x5  
  104  19:28  Supply Depot  
  104  19:29  Marine x2  
  104  19:32  Medivac  
  104  19:33  Medivac  
  104  19:43  Marine  
  104  19:44  Marauder, Marine x3  
  109  19:47  Ghost  
  109  19:48  Marauder  
  113  20:00  Nuke  
  113  20:01  Marine  
  113  20:02  Marine x3  
  113  20:04  Supply Depot  
  113  20:05  Ghost  
  119  20:08  Ghost  
  121  20:16  Marine  
  121  20:19  Marine  
  121  20:20  Marine x3  
  109  20:27  Supply Depot  
  109  20:33  Marine x2  
  111  20:37  Marine x2  
  113  20:51  Marine, Ghost  
  113  20:54  Ghost  
  115  21:16  Nuke x2  
  102  21:36  Ghost Academy, Nuke  
  81  22:01  Marine x3  
  78  22:02  Marine x2  
  63  22:34  Missile Turret  
  63  22:35  Missile Turret  
  193  22:51  Orbital Command  
  54  23:17  SCV x2  
  56  23:29  SCV x2  
  54  23:46  Marine x2  
  54  23:47  Marauder, Marine x3  
  57  23:49  Marauder  
  59  24:02  Nuke x3  
Show
View Real Time Build Order
Export as new Build Order

Calgar Zerg 

Build Orders: Hatch First, Zergling Baneling 

Get SALT Encoding   

  12  0:09  Overlord  
  12  0:13  Drone  
  13  0:21  Drone  
  14  0:31  Drone x2  
  16  0:45  Drone  
  17  1:02  Hatchery, Extractor  
  17  1:04  Drone  
  16  1:08  Drone  
  17  1:15  Drone  
  18  1:34  Spawning Pool, Drone  
  18  1:45  Drone  
  19  1:56  Overlord  
  19  2:13  Overlord  
  19  2:21  Zergling x6  
  22  2:24  Baneling Nest, Metabolic Boost  
  22  2:28  Queen  
  23  2:33  Zergling x2  
  24  2:42  Zergling x4  
  26  2:46  Zergling x2  
  27  2:53  Zergling x2  
  27  2:54  Zergling x2  
  29  3:00  Drone  
  30  3:18  Baneling  
  30  3:19  Baneling  
  28  3:20  Zergling x4  
  28  3:33  Drone  
  28  3:34  Drone x2  
  29  3:38  Drone x2  
  29  3:40  Baneling x2  
  29  3:51  Baneling x2  
  29  3:52  Zergling x6  
  29  3:53  Queen  
  31  4:10  Drone x4  
  31  4:15  Baneling  
  31  4:16  Baneling  
  33  4:22  Drone  
  29  4:33  Drone x4  
  29  4:37  Zergling x2  
  33  4:45  Drone x2  
  35  4:54  Lair  
  35  4:57  Drone x2  
  35  4:58  Extractor  
  35  5:12  Zergling x6  
  38  5:26  Baneling x2  
  38  5:28  Spine Crawler  
  37  5:31  Zergling x8  
  37  5:33  Zergling x2  
  42  5:42  Drone  
  43  5:44  Overlord x2  
  43  5:46  Extractor  
  43  5:47  Extractor  
  41  5:51  Drone x2  
  43  6:08  Drone x5  
  45  6:29  Drone x6  
  45  6:30  Drone  
  51  6:46  Zergling x4  
  53  6:49  Nydus Network  
  52  6:57  Drone x2  
  54  7:09  Drone x2  
  54  7:14  Zergling x2  
  54  7:15  Roach Warren, Zergling x6  
  59  7:18  Baneling x4  
  59  7:19  Centrifical Hooks  
  59  7:23  Zergling x2  
  60  7:38  Overlord x2  
  60  7:56  Zergling x4  
  60  7:57  Zergling x12  
  60  7:58  Zergling x4  
  69  8:06  Nydus Canal  
  69  8:08  Drone  
  69  8:12  Zergling x6  
  73  8:13  Zergling x2  
  74  8:20  Drone x2  
  59  8:45  Drone  
  59  8:46  Drone x7  
  65  8:56  Glial Reconstitution  
  65  9:01  Roach  
  65  9:02  Drone  
  68  9:11  Hatchery  
  68  9:12  Infestation Pit  
  66  9:20  Drone x6  
  67  9:54  Hive  
  67  9:58  Extractor  
  66  10:00  Extractor  
  66  10:02  Roach x5  
  66  10:03  Roach  
  73  10:15  Baneling x2  
  70  10:24  Overlord, Drone  
  70  10:25  Overlord x2  
  71  10:34  Roach x2  
  74  10:35  Overlord x2  
  74  10:50  Roach x2  
  74  10:51  Roach x5  
  88  10:58  Evolution Chamber  
  88  10:59  Evolution Chamber  
  86  11:10  Overlord x2  
  86  11:12  Queen  
  88  11:21  Ultralisk Cavern  
  87  11:32  Zergling x14  
  94  11:47  Drone x2  
  94  11:48  Queen  
  94  11:53  Overlord x3  
  98  11:58  Zerg Ground Armor Level 1  
  98  11:59  Zerg Melee Weapons Level 1  
  98  12:00  Adrenal Glands  
  98  12:08  Nydus Canal  
  98  12:14  Ultralisk x5  
  98  12:15  Ultralisk  
  134  12:16  Overlord  
  134  12:17  Overlord x2  
  134  12:39  Ultralisk x2  
  134  12:40  Overlord x2  
  146  12:56  Hatchery  
  146  12:57  Ultralisk  
  151  13:05  Chitinous Plating  
  151  13:27  Overlord x3  
  151  13:29  Zergling x2  
  151  13:30  Zergling x14  
  158  13:46  Overseer x4  
  134  13:56  Zergling x2  
  134  13:57  Zergling x14  
  102  14:13  Ultralisk  
  102  14:14  Ultralisk x2  
  102  14:15  Zergling x2  
  102  14:16  Zergling x2  
  94  14:28  Roach  
  94  14:29  Roach x2, Baneling  
  94  14:30  Baneling x4  
  94  14:31  Baneling  
  92  14:45  Baneling x5  
  88  14:46  Baneling  
  88  14:52  Zergling x2  
  86  14:53  Zergling x12  
  91  15:08  Zergling x2  
  91  15:09  Zergling x8  
  95  15:17  Zergling x2  
  95  15:18  Zergling x4  
  98  15:28  Hatchery  
  96  15:37  Baneling x17  
  96  15:38  Baneling x6, Zergling x2  
  96  15:39  Zergling x10  
  101  15:51  Ultralisk  
  101  15:53  Zergling x16  
  115  16:06  Zergling x6  
  115  16:07  Zergling x6  
  121  16:13  Drone x2  
  123  16:28  Zergling x14  
  129  16:44  Zergling x2  
  129  16:45  Zergling x12  
  136  17:02  Roach  
  136  17:03  Roach x6  
  150  17:13  Ultralisk  
  150  17:14  Ultralisk x3  
  150  17:15  Baneling  
  174  17:16  Baneling x13  
  174  17:28  Nydus Canal  
  174  17:35  Zergling x14  
  174  17:36  Zergling x2  
  106  18:02  Zergling x16  
  106  18:03  Zergling x2  
  96  18:12  Zergling x2  
  79  18:13  Zergling x16  
  79  18:18  Zergling x6  
  90  18:28  Baneling x14  
  90  18:29  Baneling x4  
  90  18:32  Zergling x2  
  90  18:33  Zergling x8  
  94  18:45  Zergling x8  
  94  18:48  Zerg Melee Weapons Level 2  
  88  18:51  Baneling x4  
  88  18:52  Baneling  
  88  18:53  Zergling x2  
  69  19:29  Zergling x2  
  69  19:30  Zergling x18  
  64  19:43  Baneling x3  
  64  19:52  Baneling x5  
  64  19:53  Baneling x6  
  55  20:24  Zergling x2  
  55  20:25  Zergling x18  
  63  21:08  Hatchery  
  61  21:38  Zergling x6  
  61  21:39  Zergling x2  
  60  22:07  Zergling x2  
  60  22:08  Zergling x6  
  61  22:09  Baneling  
  61  22:25  Overseer  
  61  23:10  Baneling  
  61  23:11  Baneling  
  60  23:18  Baneling x2  
  60  23:19  Baneling x4  
  60  23:29  Baneling  
  60  23:30  Baneling x6  
  60  23:48  Zergling x4  
  61  23:49  Zergling x10  
  67  24:15  Baneling  
  67  24:16  Baneling x13  
Tags
 
Add a new tag
Caveats
  • Supply blocks, unpowered buildings, or Contaminate may cause inaccurate times.
  • Supply counts are checked every 10 seconds.